[Event "Early-Titled-Tuesday-Blitz-May-14-2024"]
[Site "Chess.com"]
[Date "2024.05.14"]
[Round "2"]
[White "Yerlan-Ra"]
[Black "VirtualCoach"]
[Result "1-0"]
[WhiteElo "2482"]
[BlackElo "2180"]
[TimeControl "180+1"]
[EndTime "8:17:44 PDT"]
[Termination "Yerlan-Ra won by resignation"]

1. e4 c5 2. c3 Nf6 3. e5 Nd5 4.
d4 cxd4 5. Nf3 Nc6 6. Bc4 Nb6 7. Bb3 e6 8. cxd4 d6 9. O-O Qc7 10. Nc3 a6 11. exd6 Bxd6 12. d5 Nd8 13. Be3 O-O 14. Rc1 Bf4 15. Ne4 Qb8 16. Bxb6 Bxc1 17. Qxc1 exd5 18.
Bxd5 Nc6 19. Qg5 h6 20. Qh5 Qf4 21. Bc5 Bg4 22. Qh4 Rfd8 23. Nc3 Qf5 24. h3 Bxf3 25. gxf3 Rxd5 26. Nxd5 Qxd5 27. Be3 Qxf3 28. Kh2 Re8 29. Rg1 Re4 30. Rxg7+ Kxg7 31. Bxh6+ Kg8 32. Qg5+ 1-0

[Event "Early-Titled-Tuesday-Blitz-May-14-2024"]
[Site "Chess.com"]
[Date "2024.05.14"]
[Round "2"]
[White "Perecke"]
[Black "MyDream003"]
[Result "0-1"]
[WhiteElo "2579"]
[BlackElo "2837"]
[TimeControl "180+1"]
[EndTime "8:17:45 PDT"]
[Termination "MyDream003 won by resignation"]

1. e4 c6 2. d4 d5 3. Nc3 dxe4 4.
Nxe4 Nf6 5. Nxf6+ exf6 6. c3 Bd6 7. Bd3 O-O 8. Ne2 Re8 9. O-O Nd7 10. Ng3 Nf8 11.
f4 Qc7 12. f5 Bxg3 13. hxg3 h6 14. Qg4 Kh8 15. Qh5 Nh7 16. Bf4 Qd7 17. Bxh6 gxh6 18.
Qxh6 Rg8 19. Rf4 Qd6 20. Kf2 Bd7 21. Rh1 Rg7 22. Rh3 Qd5 23. Rg4 Rag8 24. Rgh4 Bxf5 25. Be2 Bxh3 26. Rxh3 Qg5 27. Bd3 Qxh6 28. Rxh6 Re8 0-1

[Event "Early-Titled-Tuesday-Blitz-May-14-2024"]
[Site "Chess.com"]
[Date "2024.05.14"]
[Round "2"]
[White "Maluco_do_Natal_00"]
[Black "DominguezOnYoutube"]
[Result "0-1"]
[WhiteElo "2026"]
[BlackElo "3002"]
[TimeControl "180+1"]
[EndTime "8:17:45 PDT"]
[Termination "DominguezOnYoutube won on time"]

1. e4 c5 2. Nf3 d6 3. d4 cxd4 4. Nxd4 Nf6 5. Nc3 a6 6. Be3 e5 7. Nb3 Be6 8. f3 h5 9. Qd2 Nbd7 10. h3 Be7 11. O-O-O Rc8 12. Kb1 b5 13. a3 Nb6 14.
Na5 Qc7 15. f4 h4 16. f5 Bd7 17. Qf2 Na4 18. Nxa4 Nxe4 19. Qe1 Qxc2+ 20. Ka1 Qxa4 21. Nb7 d5 22. Bc1 O-O 23. Bd3 Bxf5 24. Bxe4 Bxe4 25.
Qa5 Qc2 26. Bd2 d4 27. Bb4 Bd5 28. Nc5 Bxc5 29. Bxc5 Qb3 0-1

[Event "Early-Titled-Tuesday-Blitz-May-14-2024"]
[Site "Chess.com"]
[Date "2024.05.14"]
[Round "2"]
[White "OriTaichman"]
[Black "artin10862"]
[Result "1/2-1/2"]
[WhiteElo "2602"]
[BlackElo "2861"]
[TimeControl "180+1"]
[EndTime "8:17:46 PDT"]
[Termination "Game drawn by repetition"]

1. e4 e6 2. d4 d5 3. Nc3 Bb4 4. e5 b6 5. Qg4 Bf8 6. Nh3 Ne7 7. Bb5+ c6 8. Ba4 a5 9. a3 Nf5 10. Ne2 Ba6 11. c3 Qh4 12. Qf3 h5 13. Ng3 Nxd4 14. cxd4 Qxd4 15. Bd1 Qxe5+ 16. Be2 h4 17. Bf4 Qxb2 18.
O-O hxg3 19. Bxa6 gxh2+ 20. Bxh2 Nxa6 21. Rab1 Qxa3 22. Qf4 Bc5 23. Ng5 Ra7 24. Qe5 O-O 25. Qf4 Qd3 26. Qh4 Qg6 27. Kh1 e5 28. Bxe5 f6 29.
Ne6 Re8 30. Nxc5 Nxc5 31. Bd4 Re4 32. Qh2 Nd7 33. Bxb6 Nxb6 34. Qb8+ Nc8 35. Qxc8+ Qe8 36. Qf5 Rae7 37. g3 Re1 38. Rbxe1 Rxe1 39. Rxe1 Qxe1+ 40. Kh2 Qe8 41. Kg1 Qa8 42. Qe6+ Kf8 43. Qd6+ Kg8 44.
Qe6+ Kh7 45. Qh3+ Kg6 46. Qg4+ Kf7 47. Qd7+ Kf8 48. Qd6+ Ke8 49. Qe6+ Kf8 50. Qd6+ 1/2-1/2

[Event "Early-Titled-Tuesday-Blitz-May-14-2024"]
[Site "Chess.com"]
[Date "2024.05.14"]
[Round "2"]
[White "ploxoi"]
[Black "djano"]
[Result "1-0"]
[WhiteElo "2332"]
[BlackElo "2527"]
[TimeControl "180+1"]
[EndTime "8:17:46 PDT"]
[Termination "ploxoi won by checkmate"]

1. d4 Nf6 2. c4 g6 3. g3 Bg7 4.
Bg2 O-O 5. Nc3 Nc6 6. Nf3 d6 7. O-O e5 8. d5 Na5 9. b3 c5 10. e4 a6 11. a4 Nh5 12. Ne1 Kh8 13. Nd3 f5 14. Ra2 f4 15. Re1 Bd7 16. Bf3 fxg3 17.
fxg3 Nf6 18. Kg2 h5 19. Bg5 Qb6 20. Nc1 Rf7 21. Rf2 Raf8 22. Ref1 Nh7 23. Bd2 Qd8 24. Qe1 b6 25. Bd1 Kg8 26. Nd3 Qc8 27.
Rxf7 Rxf7 28. Rxf7 Kxf7 29. Ne2 Bh3+ 30. Kh1 Bg4 31. Ng1 Nf6 32. Nf2 Bxd1 33. Qxd1 Nb7 34. Kg2 Qd7 35. Nf3 b5 36. Ng5+ Ke7 37. axb5 axb5 38.
Ne6 Kf7 39. Nh3 Kg8 40. Qa1 Nxe4 41. Qa8+ Kf7 42. Nhg5+ Nxg5 43. Nxg5+ Kf6 44. Ne4+ Kf5 45. Qxb7 Qxb7 46. Nxd6+ Kg4 47. Nxb7 bxc4 48. Nd6 cxb3 49. h3# 1-0

[Event "Early-Titled-Tuesday-Blitz-May-14-2024"]
[Site "Chess.com"]
[Date "2024.05.14"]
[Round "2"]
[White "jinbojinbo"]
[Black "rasmussvane"]
[Result "1-0"]
[WhiteElo "2664"]
[BlackElo "2960"]
[TimeControl "180+1"]
[EndTime "8:17:47 PDT"]
[Termination "jinbojinbo won by resignation"]

1. e4 c6 2. d4 d5 3. e5 Bf5 4. h4 h5 5. Bd3 Bxd3 6. Qxd3 Qa5+ 7. Nd2 e6 8. Nf3 Nh6 9. O-O Nf5 10. Nb3 Qa6 11. Qd1 b6 12. Re1 c5 13. dxc5 Bxc5 14. Nxc5 bxc5 15. Bg5 Nc6 16. c3 Rb8 17. b3 Rb7 18. Re2 Rd7 19. Rc1 O-O 20. Nh2 d4 21. cxd4 cxd4 22. Nf3 d3 23. Rd2 Ncd4 24. Nxd4 Nxd4 25. Rc4 Ne2+ 26. Kf1 Rc8 27. Rxd3 Rc5 28. Rxd7 Rxc4 29. Rd8+ Kh7 30. Qd3+ Re4 31. Qxe4+ f5 32. Qxe2 g6 1-0

[Event "Early-Titled-Tuesday-Blitz-May-14-2024"]
[Site "Chess.com"]
[Date "2024.05.14"]
[Round "2"]
[White "luggevoila"]
[Black "Andrey_Klymchuk"]
[Result "0-1"]
[WhiteElo "2329"]
[BlackElo "2711"]
[TimeControl "180+1"]
[EndTime "8:17:47 PDT"]
[Termination "Andrey_Klymchuk won by resignation"]

1. e4 c5 2. Nc3 Nc6 3. Nf3 g6 4. Bb5 Bg7 5. Bxc6 bxc6 6. d3 d6 7. h3 Rb8 8. O-O e5 9. Ne2 Ne7 10.
c3 O-O 11. d4 cxd4 12. cxd4 exd4 13. Nexd4 c5 14. Nc2 f5 15. exf5 Nxf5 16. Rb1 Bb7 17. Bf4 Kh8 18. Re1 Qd7 19. Ng5 Rbe8 20. Qg4 h6 21. Nf3 Rxe1+ 22. Rxe1 Qf7 23. Bc1 h5 24. Qf4 Qxa2 25. Ng5 Qb3 26. Ne6 Bh6 27. Qxh6+ Nxh6 28. Nxf8 Qxc2 29. Nxg6+ Qxg6 0-1

[Event "Early-Titled-Tuesday-Blitz-May-14-2024"]
[Site "Chess.com"]
[Date "2024.05.14"]
[Round "2"]
[White "hakanazeri2"]
[Black "NinoMaisuradze"]
[Result "1-0"]
[WhiteElo "2557"]
[BlackElo "2343"]
[TimeControl "180+1"]
[EndTime "8:17:47 PDT"]
[Termination "hakanazeri2 won by resignation"]

1. Nf3 d5 2. d4 c6 3. c4 Nf6 4. Nc3 e6 5. e3 Nbd7 6. Qc2 Bb4 7.
Bd2 dxc4 8. Bxc4 O-O 9. a3 Bd6 10. e4 e5 11. O-O-O Qc7 12. dxe5 Nxe5 13. Nxe5 Bxe5 14.
g3 Bg4 15. Be2 Bxe2 16. Nxe2 Bd6 17. f4 Ng4 18. e5 Be7 19. Rhf1 Qb6 20. Kb1 Ne3 21.
Bxe3 Qxe3 22. Rd3 Qb6 23. Rd7 Bc5 24. Nc3 Bxa3 25. f5 Rad8 26. Rfd1 Bb4 27. Ne4 Rxd7 28. Rxd7 Rd8 29. Qd3 Rxd7 30. Qxd7 Qe3 31. Nd6 Bxd6 32. Qxd6 Qe1+ 33. Ka2 Qa5+ 34. Kb3 Qd5+ 35. Qxd5 cxd5 36. Kc3 a5 37. Kd4 b5 38. Kxd5 b4 39. Kc5 g6 40.
g4 gxf5 41. gxf5 h5 42. Kb5 1-0

[Event "Early-Titled-Tuesday-Blitz-May-14-2024"]
[Site "Chess.com"]
[Date "2024.05.14"]
[Round "2"]
[White "DarZay"]
[Black "AlexanderKing"]
[Result "0-1"]
[WhiteElo "2339"]
[BlackElo "2555"]
[TimeControl "180+1"]
[EndTime "8:17:48 PDT"]
[Termination "AlexanderKing won by resignation"]

1. e4 c5 2. Nf3 e6 3. d4 cxd4 4.
Nxd4 a6 5. c4 Nf6 6. Nc3 Bb4 7.
Bd3 Nc6 8. Nxc6 dxc6 9. O-O e5 10. Qc2 Be6 11. a3 Bc5 12. b4 Bd4 13. Rb1 h6 14. Ne2 Ba7 15. c5 O-O 16. Bb2 Bb8 17. Ng3 Qe7 18. Bc4 Rd8 19. Rbd1 Bc7 20. Qb3 Bxc4 21.
Qxc4 g6 22. Bc1 Kg7 23. h3 Rxd1 24. Rxd1 Rd8 25. Rxd8 Qxd8 26. Be3 a5 27. b5 Qd1+ 28. Kh2 h5 29. Bg5 Nh7 30. Be7 Qd7 31. Bh4 cxb5 32. Qxb5 Qxb5 0-1

[Event "Early-Titled-Tuesday-Blitz-May-14-2024"]
[Site "Chess.com"]
[Date "2024.05.14"]
[Round "2"]
[White "Bob_2004"]
[Black "GrotBchess"]
[Result "0-1"]
[WhiteElo "2291"]
[BlackElo "2531"]
[TimeControl "180+1"]
[EndTime "8:17:48 PDT"]
[Termination "GrotBchess won on time"]

1. d4 Nf6 2. c4 e6 3. Nc3 d5 4. cxd5 exd5 5. Bg5 Be7 6. e3 O-O 7. Bd3 c6 8. Qc2 Nbd7 9. Nf3 h6 10. Bh4 Ne8 11.
Bxe7 Qxe7 12. O-O Nd6 13. Rae1 Nf6 14. Ne5 Nd7 15. f4 a5 16. Kh1 Nf6 17. f5 Nd7 18.
Nxd7 Bxd7 19. f6 gxf6 20. Qf2 f5 21. Qf4 Qe6 22. Rf3 Kh7 23. g4 Rg8 24. gxf5 Qf6 25. e4 dxe4 26. Nxe4 Nxe4 27. Rxe4 Rae8 28. Re5 a4 29. a3 Rgf8 30. Rfe3 Rg8 31. h4 b5 32. Kh2 h5 33. Bc2 Rg4 0-1

[Event "Early-Titled-Tuesday-Blitz-May-14-2024"]
[Site "Chess.com"]
[Date "2024.05.14"]
[Round "2"]
[White "remyrushbrooke"]
[Black "Pomegranate988"]
[Result "0-1"]
[WhiteElo "2329"]
[BlackElo "2643"]
[TimeControl "180+1"]
[EndTime "8:17:49 PDT"]
[Termination "Pomegranate988 won by resignation"]

1. d4 Nf6 2. Nc3 g6 3. e4 d6 4.
Be3 Bg7 5. f3 Nbd7 6. Qd2 c6 7.
h4 h5 8. O-O-O b5 9. Nh3 Qa5 10. a3 Rb8 11. d5 c5 12. Nxb5 Rxb5 13. Qxa5 Rxa5 14. Bd2 Ra6 15. Bxa6 Bxa6 16. Bc3 O-O 17. Nf2 Ne5 18. b3 Nfd7 19. f4 Ng4 20. Bxg7 Kxg7 21. Nxg4 hxg4 22. g3 Be2 23. Rde1 Bf3 24. Rhf1 Nf6 25.
Re3 Bxe4 26. Rfe1 Bxd5 27. Rxe7 a5 28. Ra7 c4 29. Rxa5 cxb3 30. cxb3 Bxb3 31. Ra6 Rd8 32. Kb2 Bc4 33. Rb6 d5 34. Rb4 Rc8 35. Rd1 Ne4 36.
a4 Nxg3 37. a5 Nf5 38. Ra1 Ra8 39. Kc3 g3 40. Rb7 Ba6 41. Rb6 d4+ 42. Kd2 g2 43. Rg1 Bf1 44. a6 Nxh4 45. Rd6 Nf3+ 0-1

[Event "Early-Titled-Tuesday-Blitz-May-14-2024"]
[Site "Chess.com"]
[Date "2024.05.14"]
[Round "2"]
[White "Chernov_Alexander_A"]
[Black "Kostya0705"]
[Result "0-1"]
[WhiteElo "2275"]
[BlackElo "2578"]
[TimeControl "180+1"]
[EndTime "8:17:49 PDT"]
[Termination "Kostya0705 won by checkmate"]

1. d4 Nf6 2. Nc3 d5 3. Bg5 Ne4 4. Nxe4 dxe4 5. c3 h6 6. Bh4 Nc6 7.
e3 g5 8. Bg3 Bg7 9. h4 Bf5 10.
hxg5 hxg5 11. Rxh8+ Bxh8 12. Qh5 Bf6 13. Nh3 Qd5 14. Qd1 O-O-O 15. Qb3 Qd7 16. Ng1 e5 17. Bb5 exd4 18. exd4 a6 19. Be2 Bxd4 20. O-O-O Be6 21. Qc2 Bxa2 22. b3 Qe6 23. Qxa2 Bxc3 24. Rxd8+ Kxd8 25. Qc2 Qf6 26. Qxe4 Bb2+ 27. Kb1 Ba3 28. Qd3+ Kc8 29. Qd2 Nd4 30. Bg4+ Kb8 31. Nf3 Nxb3 32. Qc2 Qa1# 0-1

[Event "Early-Titled-Tuesday-Blitz-May-14-2024"]
[Site "Chess.com"]
[Date "2024.05.14"]
[Round "2"]
[White "klercaku"]
[Black "Gryffindorac8"]
[Result "1-0"]
[WhiteElo "2262"]
[BlackElo "2494"]
[TimeControl "180+1"]
[EndTime "8:17:49 PDT"]
[Termination "klercaku won by resignation"]

1. e4 c5 2. Nf3 d6 3. d4 cxd4 4. Nxd4 Nf6 5. Nc3 a6 6. Be2 e5 7.
Nb3 Be7 8. Be3 Be6 9. O-O O-O 10. f4 Qc7 11. f5 Bc4 12. g4 h6 13. h4 Nh7 14. g5 hxg5 15. hxg5 Nd7 16. Bxc4 Qxc4 17.
Qg4 Rfe8 18. f6 Ndxf6 19. gxf6 Nxf6 20. Qg2 b5 21. Bh6 Nh5 22. Nd5 Bf8 23. Bg5 Rac8 24.
Qg4 Nf4 25. Bxf4 exf4 26. Nf6+ 1-0

[Event "Early-Titled-Tuesday-Blitz-May-14-2024"]
[Site "Chess.com"]
[Date "2024.05.14"]
[Round "2"]
[White "Gareth-Bale11"]
[Black "Grossboss19"]
[Result "0-1"]
[WhiteElo "2909"]
[BlackElo "2636"]
[TimeControl "180+1"]
[EndTime "8:17:50 PDT"]
[Termination "Grossboss19 won by resignation"]

1. d4 Nf6 2. c4 e6 3. Nc3 Bb4 4.
a3 Bxc3+ 5. bxc3 O-O 6. f3 c5 7. e4 d6 8. Ne2 Nc6 9. Ng3 b6 10. Ra2 Ba6 11. Bg5 h6 12. h4 Na5 13. dxc5 dxc5 14. Rd2 Qc7 15. Kf2 hxg5 16. hxg5 Nh7 17. e5 Qxe5 18. Bd3 g6 19. Rxh7 Kxh7 20. Qh1+ Kg8 21. Ne4 Qh8 22. Nf6+ Kg7 23. Qe1 Qh4+ 24. g3 Qxg5 25. Ne4 Qe7 26. Qe3 e5 27. g4 Bb7 28.
Ng3 Rh8 29. Kg2 Rad8 30. Re2 Qf6 31. Be4 Nxc4 32. Qc1 Ba6 33. g5 Qf4 0-1

[Event "Early-Titled-Tuesday-Blitz-May-14-2024"]
[Site "Chess.com"]
[Date "2024.05.14"]
[Round "2"]
[White "Art10ECHR"]
[Black "Mbneu"]
[Result "1-0"]
[WhiteElo "2504"]
[BlackElo "2220"]
[TimeControl "180+1"]
[EndTime "8:17:50 PDT"]
[Termination "Art10ECHR won by resignation"]

1. d4 Nf6 2. c4 c5 3. d5 e6 4. Nc3 exd5 5. cxd5 d6 6. h3 g6 7. Nf3 Bg7 8. Bf4 O-O 9. e3 Re8 10. Nd2 Nbd7 11. Be2 Ne5 12. O-O a6 13. a4 Nfd7 14.
Bh2 g5 15. f4 gxf4 16. exf4 Ng6 17. Nc4 Nb6 18. Na3 Bf5 19. a5 Nd7 20. Nc4 Bd4+ 21. Kh1 Qh4 22. Bg4 Bxg4 23. Qxg4 Nf6 24. Qxh4 Nxh4 25. f5 Bxc3 26. bxc3 Re2 27. Rf4 Nxg2 28.
Rg1 Nxd5 29. Rg4+ Kh8 30. Nxd6 Rf8 31. R4xg2 Rxg2 32. Rxg2 f6 33. c4 Ne3 34. Re2 Nd1 35. Re7 h5 36. Rxb7 Ne3 37. Bf4 Nc2 38. Rb6 Nd4 39.
Rxa6 Ne2 40. Bh2 Rb8 41. Rb6 Ra8 42. a6 Nd4 43. Nb5 Nf3 44. Rb8+ Rxb8 45. Bxb8 1-0

[Event "Early-Titled-Tuesday-Blitz-May-14-2024"]
[Site "Chess.com"]
[Date "2024.05.14"]
[Round "2"]
[White "ajeale2"]
[Black "sofaceindisguise"]
[Result "0-1"]
[WhiteElo "2485"]
[BlackElo "2764"]
[TimeControl "180+1"]
[EndTime "8:17:51 PDT"]
[Termination "sofaceindisguise won on time"]

1. b3 a5 2. a3 g6 3. Bb2 Nf6 4.
Nf3 Bg7 5. e3 O-O 6. Be2 d6 7. O-O e5 8. d4 e4 9. Nfd2 d5 10. c4 c6 11. Nc3 Bf5 12. Rc1 h5 13. cxd5 cxd5 14. Na4 Nc6 15. Nc5 Qe7 16. Bb5 Rfc8 17.
Re1 h4 18. b4 axb4 19. axb4 Nxb4 20. Qb3 Nc6 21. Ba3 b6 22. Na4 Qb7 23. Bd6 Na5 24.
Qb1 h3 25. g3 Bd7 26. Be5 Nc4 27. Nxc4 dxc4 28. Bxf6 Bxf6 29. Bxd7 Qxd7 30. Nxb6 Qf5 31.
f4 Rab8 32. Rc2 Rc6 33. Rb2 c3 34. Rb5 c2 35. Qb2 Qg4 36. Nd7 Rxb5 37. Nxf6+ Rxf6 38. Qxb5 Qf3 39. Qf1 Rc6 40. Qxf3 exf3 41. Rc1 f5 42. Kf2 Kf7 43. Kxf3 Ke6 44. Ke2 Kd5 45. Kd2 Ke4 46.
Rxc2 Ra6 47. Ke2 Ra3 48. Kf2 Ra1 49. Rd2 Rh1 50. Ke2 Rxh2+ 51. Kd1 Rxd2+ 52. Kxd2 h2 0-1

[Event "Early-Titled-Tuesday-Blitz-May-14-2024"]
[Site "Chess.com"]
[Date "2024.05.14"]
[Round "2"]
[White "zajka-molotok"]
[Black "crosky"]
[Result "1-0"]
[WhiteElo "2539"]
[BlackElo "2310"]
[TimeControl "180+1"]
[EndTime "8:17:52 PDT"]
[Termination "zajka-molotok won on time"]

1. e4 c5 2. Nf3 e6 3. g3 d5 4. exd5 exd5 5. d4 Nc6 6. Bg2 Nf6 7. O-O Be7 8. dxc5 O-O 9. Nc3 Bxc5 10. a3 h6 11. b4 Bb6 12. Bb2 Bf5 13. Na4 Bc7 14. Nc5 Rb8 15. Re1 Ne4 16. Nb3 Re8 17. Nfd4 Bg6 18.
Rc1 Bb6 19. c4 dxc4 20. Rxc4 Qf6 21. Qf3 Nxd4 22. Bxd4 Qxf3 23. Bxf3 Bxd4 24. Rxd4 Nf6 25. Rxe8+ Nxe8 26. Rd7 Rc8 27. Bxb7 Rc3 28. Nc5 Nf6 29. Rd8+ Kh7 30. a4 Ng4 31. h3 Ne5 32. Ra8 Rc1+ 33. Kg2 Rc2 34. Rxa7 Nc4 35. Be4 Bxe4+ 36. Nxe4 Rb2 37.
b5 f5 38. Nc5 1-0

[Event "Early-Titled-Tuesday-Blitz-May-14-2024"]
[Site "Chess.com"]
[Date "2024.05.14"]
[Round "2"]
[White "ketster"]
[Black "super_emi_26"]
[Result "1-0"]
[WhiteElo "2626"]
[BlackElo "2890"]
[TimeControl "180+1"]
[EndTime "8:17:53 PDT"]
[Termination "ketster won by resignation"]

1. d4 Nf6 2. c4 e6 3. Nc3 Bb4 4. g3 d5 5. Bg2 O-O 6. Nf3 c5 7.
dxc5 Ne4 8. Bd2 Nxd2 9. Qxd2 dxc4 10. O-O Qe7 11. a3 Rd8 12. Qc2 Bxc5 13. Ne5 Nd7 14. Nxc4 Nb6 15. Na5 Rb8 16. b4 Bd4 17. e3 Bxc3 18. Qxc3 Nd5 19. Qe5 Qd6 20. Qxd6 Rxd6 21.
Rfd1 b6 22. Nc4 Rd7 23. Ne5 Rc7 24. e4 f6 25. exd5 fxe5 26. d6 Rd7 27. Bc6 Rd8 28. d7 Bb7 29. b5 Kf7 30. Re1 Ke7 31. Rad1 Kf6 32. f4 exf4 33. Rd6 fxg3 34. Rdxe6+ Kf7 35. Re8 gxh2+ 36. Kxh2 Bxc6 37. Rxd8 Rxd8 38. bxc6 1-0

[Event "Early-Titled-Tuesday-Blitz-May-14-2024"]
[Site "Chess.com"]
[Date "2024.05.14"]
[Round "2"]
[White "Pedrada88"]
[Black "Byniolus"]
[Result "0-1"]
[WhiteElo "2570"]
[BlackElo "2831"]
[TimeControl "180+1"]
[EndTime "8:17:53 PDT"]
[Termination "Byniolus won by checkmate"]

1. d4 d6 2. Nf3 Bg4 3. e4 Nf6 4.
Bd3 e6 5. h3 Bh5 6. Bg5 Be7 7.
Nbd2 d5 8. e5 Nfd7 9. Bxe7 Qxe7 10. c3 c5 11. Qb3 b6 12. Qa4 O-O 13. O-O Rc8 14. Rac1 a6 15. Rfe1 Nc6 16. Qa3 b5 17. dxc5 Nxc5 18. Bb1 a5 19. Nd4 Nxd4 20. cxd4 b4 21. Qe3 Na4 22. f4 Bg6 23. g4 Bxb1 24. Rxb1 Rc2 25. Rec1 Rac8 26. Rxc2 Rxc2 27. Qd3 Qc7 28.
Qb5 h6 29. Qxa4 Rxd2 30. f5 Qc4 31. Qe8+ Kh7 32. fxe6 Qxd4+ 33. Kh1 Qe4+ 34. Kg1 Qg2# 0-1

[Event "Early-Titled-Tuesday-Blitz-May-14-2024"]
[Site "Chess.com"]
[Date "2024.05.14"]
[Round "2"]
[White "Akewjon"]
[Black "Shushik"]
[Result "1-0"]
[WhiteElo "2792"]
[BlackElo "2550"]
[TimeControl "180+1"]
[EndTime "8:17:53 PDT"]
[Termination "Akewjon won by resignation"]

1. Nf3 Nf6 2. c4 e6 3. Nc3 d5 4. e3 b6 5. cxd5 exd5 6. d4 c6 7. Bd3 Bd6 8. O-O O-O 9. h3 Ba6 10. b3 Qe7 11. Bb2 Bxd3 12. Qxd3 Nbd7 13. Rac1 Ne4 14. Ne2 Rac8 15. Rc2 Bb8 16. Rfc1 Qd6 17. Ne5 Nxe5 18. dxe5 Qh6 19. Nf4 Rfe8 20. Nxd5 Nc5 21. Qf5 cxd5 22. b4 g6 23. Qf3 Bxe5 24. Bxe5 Rxe5 25. bxc5 bxc5 26. Rxc5 Rxc5 27. Rxc5 Qg5 28. Qd1 Qf5 29. Qd4 Qb1+ 30. Kh2 Qb8 31. g3 Rf5 32. Kg2 h6 33. Rxd5 Rxd5 34. Qxd5 Qb6 35. g4 Kg7 36. Qd4+ Qxd4 37. exd4 Kf6 38. Kf3 Ke6 39. Ke4 Kd6 40. h4 f6 41. h5 gxh5 42. gxh5 Ke6 43. d5+ Kd6 44. f4 a6 45. Kf5 Kxd5 46. Kxf6 1-0

[Event "Early-Titled-Tuesday-Blitz-May-14-2024"]
[Site "Chess.com"]
[Date "2024.05.14"]
[Round "2"]
[White "TheAlienParty"]
[Black "David_Arutinian"]
[Result "0-1"]
[WhiteElo "2421"]
[BlackElo "2828"]
[TimeControl "180+1"]
[EndTime "8:17:53 PDT"]
[Termination "David_Arutinian won on time"]

1. c4 e5 2. Nc3 Nf6 3. Nf3 Nc6 4.
e4 d6 5. d4 Bg4 6. d5 Nd4 7. Be2 Nxe2 8. Qxe2 g6 9. h3 Bc8 10.
Bg5 Bg7 11. g4 h6 12. Be3 O-O 13. O-O-O Kh8 14. g5 hxg5 15. Bxg5 Qe8 16. Kb1 Nh5 17. Qd2 a6 18. Be3 f5 19. exf5 gxf5 20. Qe2 f4 21. Bc1 Bf5+ 22. Ne4 Nf6 23. Nd2 Nxe4 24. Nxe4 b5 25. f3 bxc4 26. Qxc4 Qb5 27. Qxc7 Rfc8 28. Qxd6 Rab8 29. Qa3 Qe2 30. d6 Bf8 31. Rhe1 Bxd6 32.
Rxe2 Bxa3 33. Ka1 Bf8 34. a3 Rd8 35. Red2 Rxd2 36. Rxd2 Rb3 37. Rf2 Kg8 38. h4 Kf7 39.
Ka2 Rd3 40. Kb1 Rxf3 41. Rxf3 Bxe4+ 42. Ka2 Bxf3 0-1

[Event "Early-Titled-Tuesday-Blitz-May-14-2024"]
[Site "Chess.com"]
[Date "2024.05.14"]
[Round "2"]
[White "Dolphin_2010"]
[Black "ulises2013"]
[Result "0-1"]
[WhiteElo "2618"]
[BlackElo "2925"]
[TimeControl "180+1"]
[EndTime "8:17:54 PDT"]
[Termination "ulises2013 won on time"]

1. d4 g6 2. e4 Bg7 3. Nc3 c5 4.
dxc5 Bxc3+ 5. bxc3 Qa5 6. Nf3 Nc6 7. Bd3 Nf6 8. O-O Qxc5 9. Bh6 d6 10. Qd2 Rg8 11.
Nd4 g5 12. Nf3 Ne5 13. Nxe5 Qxe5 14. f4 Qc5+ 15. Kh1 gxf4 16. Bxf4 Bd7 17. Rae1 Bc6 18. Be3 Qh5 19. Rxf6 exf6 20. Qf2 f5 21. Bf4 Kd7 22. Be2 Qg6 23. Rd1 Ke8 24. Rxd6 Qg7 25. Bg3 Qxc3 26. Qxf5 Rg6 27. Rd3 Qf6 28. Qc5 Rd8 29. Re3 Qa1+ 30. Bd1 Rxd1+ 0-1

[Event "Early-Titled-Tuesday-Blitz-May-14-2024"]
[Site "Chess.com"]
[Date "2024.05.14"]
[Round "2"]
[White "lucasran"]
[Black "SchmakAttack"]
[Result "0-1"]
[WhiteElo "2549"]
[BlackElo "2791"]
[TimeControl "180+1"]
[EndTime "8:17:54 PDT"]
[Termination "SchmakAttack won by checkmate"]

1. c4 g6 2. Nf3 Bg7 3. e4 e6 4. d4 Ne7 5. Nc3 O-O 6. Be2 d5 7. cxd5 exd5 8. e5 Nd7 9. Bg5 f6 10. exf6 Nxf6 11. h4 h6 12. Bxf6 Bxf6 13. Qd2 Bg7 14.
O-O-O c6 15. Ne5 Qd6 16. Bd3 c5 17. f4 cxd4 18. Nb5 Qb6 19. h5 g5 20. g3 Bf5 21.
Bxf5 Nxf5 22. Nxd4 Nxg3 23. Ng6 Qxd4 24. Qxd4 Bxd4 25.
Rxd4 Ne2+ 26. Kd2 Nxd4 27. Nxf8 Rxf8 28. fxg5 Nf3+ 29. Kd3 Nxg5 30. Rc1 Ne6 31. Re1 Re8 32. Rg1+ Kf7 33. Kc3 Rc8+ 34. Kb4 Rc4+ 35. Kb3 Nc5+ 36. Ka3 Ra4# 0-1

[Event "Early-Titled-Tuesday-Blitz-May-14-2024"]
[Site "Chess.com"]
[Date "2024.05.14"]
[Round "2"]
[White "Manukyan_Artak"]
[Black "Guldona_2007"]
[Result "1-0"]
[WhiteElo "2569"]
[BlackElo "2198"]
[TimeControl "180+1"]
[EndTime "8:17:54 PDT"]
[Termination "Manukyan_Artak won by resignation"]

1. e4 c5 2. Nf3 d6 3. Bb5+ Nd7 4. O-O e5 5. a4 a6 6. Bc4 h6 7. Nc3 Ngf6 8. d3 g6 9. Nh4 Bg7 10. a5 Nf8 11. g3 Ne6 12. f4 exf4 13.
gxf4 Nd4 14. f5 gxf5 15. Nxf5 Bxf5 16. exf5 O-O 17. Kh1 Qc7 18. Nd5 Qc6 19. c3 Nxd5 20. cxd4 Ne3+ 21. d5 Nxd5 22. Qf3 Nf6 23. Bf4 Qxf3+ 24.
Rxf3 d5 25. Bb3 Rfe8 26. Rg1 Kh7 27. Rh3 Re2 28. Bd1 Rxb2 29. Rhg3 Rg8 30. Be5 Rd2 31.
Bxf6 Bxf6 32. Rxg8 Rxd1 33. Rb8 Rxg1+ 34. Kxg1 Bd4+ 35.
Kf1 c4 36. dxc4 dxc4 37. Rxb7 Kg7 38. Rb4 Bc3 39. Rxc4 Bxa5 40. Rc6 Bc3 41. Rxc3 a5 42. Ra3 Kf6 43. Rxa5 Kg5 44. Kg2 Kf6 45. Kf3 Kg7 46.
Kg4 Kf6 47. Ra6+ Kg7 48. Kh5 1-0

[Event "Early-Titled-Tuesday-Blitz-May-14-2024"]
[Site "Chess.com"]
[Date "2024.05.14"]
[Round "2"]
[White "NowInChess"]
[Black "LeoLV10"]
[Result "0-1"]
[WhiteElo "2248"]
[BlackElo "2512"]
[TimeControl "180+1"]
[EndTime "8:17:55 PDT"]
[Termination "LeoLV10 won on time"]

1. e4 c5 2. d3 Nc6 3. g3 g6 4. Bg2 Bg7 5. f4 e6 6. Nf3 Nge7 7. O-O O-O 8. c3 Rb8 9. d4 cxd4 10. cxd4 d5 11. e5 h5 12. Nc3 b5 13. Be3 a5 14. Rc1 Ba6 15. Re1 Qd7 16. Bf1 Nf5 17. Bf2 Rfc8 18. h3 Nh6 19. Nh4 Qe7 20. g4 hxg4 21.
hxg4 Qd8 22. Bh3 g5 23. Ng2 gxf4 24. Bh4 Ne7 25. Nxf4 Qd7 26. Nh5 Ng6 27. Bf6 Bf8 28. Qd2 b4 29. Ne2 Qb5 30. Rxc8 Rxc8 31. Bg5 Qd3 32. Qxd3 Bxd3 33. Nef4 Nxf4 34. Bxf4 Rc2 35. Bc1 Be2 36. Nf4 Bxg4 37. Bxg4 Nxg4 38. Nh5 a4 39. b3 a3 0-1

[Event "Early-Titled-Tuesday-Blitz-May-14-2024"]
[Site "Chess.com"]
[Date "2024.05.14"]
[Round "2"]
[White "martinez_95"]
[Black "SilverSwords13"]
[Result "0-1"]
[WhiteElo "2166"]
[BlackElo "2480"]
[TimeControl "180+1"]
[EndTime "8:17:55 PDT"]
[Termination "SilverSwords13 won by resignation"]

1. e4 c5 2. Nf3 e6 3. b4 cxb4 4. a3 Nc6 5. d4 d5 6. e5 Nge7 7.
axb4 Nxb4 8. c3 Nbc6 9. Bd3 Ng6 10. h4 Be7 11. h5 Nh4 12. Nxh4 Bxh4 13. Qg4 Be7 14.
Qxg7 Kd7 15. Bxh7 Qe8 16. h6 b6 17. Bd3 a5 18. h7 Ba6 19. Bxa6 Rxa6 20. Bg5 Bxg5 21.
Qxg5 Ne7 22. Na3 Qc8 23. Rc1 Ng6 24. Qf6 Qf8 25. Nb5 Qe7 26. Qg7 Qg5 27. Qxf7+ Ne7 28. Rc2 Qxg2 29. Rh4 Raa8 30. Nd6 Raf8 31. Qh5 Qg1+ 32. Kd2 Rxf2+ 0-1

[Event "Early-Titled-Tuesday-Blitz-May-14-2024"]
[Site "Chess.com"]
[Date "2024.05.14"]
[Round "2"]
[White "littlepinkyboy"]
[Black "Polish_fighter3000"]
[Result "0-1"]
[WhiteElo "2671"]
[BlackElo "3100"]
[TimeControl "180+1"]
[EndTime "8:17:58 PDT"]
[Termination "Polish_fighter3000 won by resignation"]

1. e4 Nf6 2. e5 Nd5 3. d4 d6 4. Nf3 dxe5 5. dxe5 c6 6. Be2 Bg4 7. h3 Bxf3 8. Bxf3 e6 9. O-O Nd7 10.
Re1 Qc7 11. Qe2 Bc5 12. c4 Ne7 13. Bf4 Ng6 14. Bh2 Bd4 15. Nc3 Bxe5 16. Bxe5 Ndxe5 17. Rad1 O-O 18. c5 Rad8 19. Be4 Nf4 20. Qe3 Nc4 21. Qc1 Nd5 22. Ne2 Ne5 23. Nd4 Ng6 24. b4 Nxb4 25. a3 Nd5 26. Rd3 Rd7 27. Red1 Ndf4 28.
R3d2 Rxd4 29. Rxd4 Ne2+ 30. Kh1 Nxc1 0-1